 Dungeon Crawl Stone Soup version 0.28.0-1-gb440e238dd (webtiles) character file.

Game seed: 14809191310484182163

4 spaghetti the Sneak (level 1, -3/21 HPs)
             Began as a Naga Delver on Feb 20, 2022.
             Was an Initiate of Cheibriados.
             Killed from afar by an orc wizard (11 damage)
             ... with a magic dart
             ... on level 4 of the Dungeon.
             The game lasted 00:00:59 (470 turns).

spaghetti the Sneak (Naga Delver)                    Turns: 470, Time: 00:01:00

Health: -3/21      AC:  1    Str: 15    XL:     1   Next: 60%
Magic:  1/1        EV:  9    Int: 11    God:    Cheibriados [......]
Gold:   23         SH:  0    Dex: 13    Spells: 0/0 levels left

rFire   . . .      SeeInvis +   a - +0 hand axe
rCold   . . .      Faith    .   (no shield)
rNeg    . . .      Spirit   .   b - +0 leather armour
rPois   +          Reflect  .   (no helmet)
rElec   .          Harm     .   (no cloak)
rCorr   .          Rampage  .   (no gloves)
Will    .....                   (no barding)
Stlth   +++.......              (no amulet)
HPRegen 0.07/turn               (no ring)
MPRegen 0.07/turn               (no ring)

@: short of breath, very slow
A: AC +0, large, see invisible, deformed body, poison resistance, slowness 2,
spit poison 1, naga tail 1
a: Spit Poison, Renounce Religion


You were on level 4 of the Dungeon.
You worshipped Cheibriados.
Cheibriados was noncommittal.
You visited 2 branches of the dungeon, and saw 4 of its levels.

You collected 23 gold pieces.

Inventory:

Hand Weapons
 a - a +0 hand axe (weapon)
Armour
 b - a +0 leather armour (worn)
Wands
 g - a wand of digging (3)
Scrolls
 c - a scroll of fog
 d - 2 scrolls of magic mapping
Potions
 f - a potion of haste


   Skills:
 - Level 3.0 Fighting
 + Level 2.2 Axes
 - Level 1.6 Dodging
 - Level 7.2 Stealth


You couldn't memorise any spells.
You didn't know any spells.
Your spell library was empty.

Dungeon Overview and Level Annotations

Branches:
Dungeon (6/15)             Temple (1/1) D:6

Altars:
Cheibriados
Nemelex Xobeh
Uskayaw
Xom
Yredelemnul
Zin
The Shining One
Lugonu


Innate Abilities, Weirdness & Mutations

Your serpentine skin is tough. (AC +0)
You have supernaturally acute eyesight. (SInv)
Armour fits poorly on your strangely shaped body.
Your system is resistant to poisons. (rPois)
You cover ground very slowly.
You can spit poison.
You have a snake-like lower body.


Message History

You hit the orc wizard. Your punch misses the orc wizard.
The orc wizard is moderately wounded.
You have got your breath back.
The orc wizard casts a spell.
The orc wizard flickers and vanishes for a moment.
You barely miss the orc wizard.
The orc wizard is moderately wounded.
The orc wizard hits you with a +0 dagger.
You hit the orc wizard.
The orc wizard is heavily wounded.
The orc wizard looks more healthy.
The orc wizard closely misses you.
You barely miss the orc wizard.
The orc wizard is heavily wounded.
The orc wizard closely misses you.
You hit the orc wizard but do no damage.
The orc wizard is heavily wounded.
The orc wizard casts a spell at you. The puff of flame hits you!
The orc wizard hits you but does no damage.
You are too injured to fight recklessly!
You are too injured to fight recklessly!
You are too injured to fight recklessly!
You are too injured to fight recklessly!
You are too injured to fight recklessly!
You are too injured to fight recklessly!
You are too injured to fight recklessly!
You are too injured to fight recklessly!
You are too injured to fight recklessly!
You are too injured to fight recklessly!
Unknown command.
Aiming: Spit Poison (3% risk of failure)
Press: ? - help, Q - select action Shift-Dir - straight line, f/p - orc wizard
Aim: an orc wizard, wielding a +0 dagger and wearing a +0 robe (heavily wounded, slightly transparent, 43% to hit)
The splash of poison hits the orc wizard.
The orc wizard is poisoned.
The orc wizard is severely wounded.
The orc wizard gestures at you while chanting.
The magic dart hits you!
Ouch! That really hurt!
You die...

##...## #.##
##.....## #.###
##.......####.#.###
#.................#
)..........>...(..#
#..........##.....#
##.......#.###..#.#
##.....##.###.##.#
##...###....oo@.#
##+## #####.####
#.# #o# #)# #o# #.#
#.# #.#


You could see an orc wizard (invisible, poisoned) and an orc.

Vanquished Creatures
  An orc (D:4)
  2 kobolds (D:4)
3 creatures vanquished.

Notes
Turn   | Place    | Note
-------+----------+-------------------------------------------
     0 | D:5      | spaghetti the Naga Delver began the quest for the Orb.
     0 | D:5      | Reached XP level 1. HP: 21/21 MP: 1/1
    12 | D:6      | Found a staircase to the Ecumenical Temple.
    22 | Temple   | Entered the Ecumenical Temple
    63 | Temple   | Became a worshipper of Cheibriados the Contemplative
   147 | D:5      | Noticed a sky beast
   456 | D:4      | Noticed an orc wizard
   470 | D:4      | Killed from afar by an orc wizard

Illustrated notes

Levels and vault maps discovered:
D:4:      layout_loops_corners, grunt_temple_overflow_lords_of_destruction,
          gammafunk_ghost_nasty_kobolds
D:5:      layout_cave_pods, old_standard_altar, serial_shops, shop,
          nicolae_ossuary_entry_false_entrances, uniq_sigmund
D:6:      layout_loops_ring, mainiacjoe_overflow_small_starburst,
          minmay_temple_entry_grid, moated_statue, st_stairs_6,
          uniq_crazy_yiuf_cottage
Temple:   corrupted_temple

Action                   || total
-------------------------++-------
Melee: Hand axe          ||    12
 Abil: Spit Poison       ||     5
  Use: Scroll            ||     3
 Stab: Sleeping          ||     1
Armor: Leather armour    ||     1
Dodge: Dodged            ||     3
